[Event "EICC 2017"]
[Site "Minsk"]
[Date "2017.06.06"]
[Round "7"]
[White "Galliamova, Alisa"]
[Black "Zhigalko, Andrey"]
[Result "1/2-1/2"]
[ECO "A04"]
[WhiteElo "2456"]
[BlackElo "2566"]
[Annotator "ChessBase"]
[PlyCount "130"]
[EventDate "2017.??.??"]
[EventCountry "BLR"]
[SourceTitle "playchess.com"]
[Source "ChessBase"]
[SourceQuality "1"]
[TimeControl "40/5400+30:1800+30"]

1. Nf3 c5 2. g3 g6 3. c3 Bg7 4. d4 Qa5 5. Nbd2 cxd4 6. Nb3 Qb6 7. cxd4 Nf6 8. Bg2 O-O 9. O-O d6 10. d5 Bf5 11. Be3 Qa6 12. Nfd2 Rc8 13. Bd4 Qa4 14. Bc3 Qd7 15. Re1 Na6 16. e4 Bg4 17. f3 Bh3 18. Bxh3 Qxh3 19. Qe2 Rc7 20. Rac1 Rac8 21. a3 h5 22. Bd4 Nd7 23. Bxg7 Kxg7 24. Qf1 Qxf1+ 25. Kxf1 Rc2 26. Ke2 Nb6 27. Rxc2 Rxc2 28. Rb1 Na4 29. Nd4 Rxb2 30. Rxb2 Nxb2 31. Nb5 Nc5 32. Nxa7 f5 33. Nb5 Kf6 34. Nc3 Nbd3 35. Ke3 g5 36. exf5 Kxf5 37. Nc4 Ne5 38. Nxe5 Kxe5 39. f4+ gxf4+ 40. gxf4+ Kf5 41. h3 Nd7 42. Kf3 Nb6 43. a4 Nc4 44. Ne2 Nb6 45. Nc3 Nd7 46. Ne2 Nf6 47. Nc3 b6 48. Ke3 Nd7 49. Kf3 Nc5 50. Ke3 h4 51. Kf3 Nd3 52. Ne2 Nb2 53. Nc3 Nc4 54. Ne2 Nd2+ 55. Ke3 Nb3 56. Kf3 Nc5 57. Nc3 e5 58. dxe6 Kxe6 59. Kg4 d5 60. Nb5 Nxa4 61. Kxh4 Kf5 62. Kg3 Nc5 63. Kf3 Na4 64. Kg3 Ke4 65. Nd6+ Ke3 1/2-1/2